 Seeded DCSS version 0.28-a0-1206-g193881aaa2 (webtiles) character file.

Game seed: 17753636173388036118 (custom seed)

214 flotson the Ducker (level 5, -17/40 (41) HPs)
             Began as a Demonspawn Gladiator on Dec 20, 2021.
             Engulfed by a cloud of flame (25 damage)
             ... on level 3 of the Dungeon.
             The game lasted 00:06:38 (2230 turns).

flotson the Ducker (Demonspawn Gladiator)           Turns: 2230, Time: 00:06:39

HP:   -17/40 (41)   AC: 14    Str: 17    XL:     5   Next: 60%
MP:   5/5           EV: 11    Int:  9    God:
Gold: 115           SH:  0    Dex: 14    Spells: 4/4 levels left

rFire   . . .      SeeInvis .   p - +3 quarterstaff (chaos)
rCold   . . .      Faith    .   (shield currently unavailable)
rNeg    . . .      Spirit   .   o - +0 scale mail
rPois   .          Reflect  .   c - +0 helmet
rElec   .          Harm     .   q - +0 cloak
rCorr   .          Rampage  .   (no gloves)
Will    +....                   (no boots)
Stlth   ..........              (no amulet)
HPRegen 0.13/turn               s - ring of willpower
MPRegen 0.18/turn               (no ring)

@: sanguine armoured, lightly drained
A: powered by death 2, magic regeneration, sanguine armour 1
a: no special abilities


You were on level 3 of the Dungeon.
You visited 1 branch of the dungeon, and saw 3 of its levels.

You collected 115 gold pieces.

Inventory:

Hand Weapons
 a - a +0 war axe
 p - a +3 quarterstaff of chaos (weapon)
Missiles
 d - 3 throwing nets
 h - 2 curare-tipped darts (quivered)
 n - 2 poisoned darts
Armour
 c - a +0 helmet (worn)
 o - a +0 scale mail (worn)
 q - a +0 cloak (worn)
Jewellery
 s - a ring of willpower (left hand)
Wands
 t - a wand of charming (1)
Scrolls
 f - a scroll of amnesia {unknown}
 g - 4 scrolls of teleportation {unknown}
 j - a scroll of identify {unknown}
 k - a scroll of noise {unknown}
 l - a scroll of vulnerability {unknown}
Potions
 b - a potion of cancellation {unknown}
 e - a potion of degeneration {unknown}
 i - a potion of heal wounds {unknown}
 m - a potion of mutation {unknown}
 r - a potion of brilliance {unknown}


   Skills:
 + Level 3.3 Fighting
 - Level 2.6 Axes
 + Level 3.1 Throwing
 + Level 2.2 Armour
 + Level 3.6 Dodging


You had 4 spell levels left.
You didn't know any spells.
Your spell library contained the following spells:

 Spells                   Type           Power      Damage    Failure   Level
 Ensorcelled Hibernation  Hex/Ice        0%         N/A       91%         2
 Spider Form              Tmut/Pois      0%         N/A       99%         3


Dungeon Overview and Level Annotations

Branches:
Dungeon (3/15)

Altars:


Innate Abilities, Weirdness & Mutations

You regenerate health from kills.
You regenerate magic rapidly.
When seriously injured, your blood forms armour. (AC +6)


Message History

The orc closely misses you.
You miss the orc.
The orc is heavily wounded.
The orc zaps a wand.
You resist with almost no effort.
You sock the orc! You freeze the orc.
You kill the orc!
Really walk into a travel-excluded area? [Y]es or [N]o only, please.
Really walk into a travel-excluded area?
Found a Fen Folio and 19 poisoned darts.
t - a wand of charming (1)
You now have 115 gold pieces (gained 17).
You see here a +0 whip.
Really walk into that cloud of flame?
You are engulfed in blazing flames.
Ouch! That really hurt!
Your blood congeals into armour.
You start resting.
Your blood armour dries and flakes away.
You start resting.
HP restored.
Really walk into that cloud of flame?
You are engulfed in blazing flames.
Your blood congeals into armour.
Really walk into a travel-excluded area?
Okay, then.
You start resting.
Your blood armour dries and flakes away.
You start resting.
HP restored.
Really walk into a travel-excluded area?
Really walk into a travel-excluded area?
Really walk into that cloud of flame?
You are engulfed in blazing flames.
Your blood congeals into armour.
Really walk into that cloud of flame?
You are engulfed in blazing flames.
* * * LOW HITPOINT WARNING * * *
Really walk into that cloud of flame?
You are engulfed in blazing flames.
Ouch! That really hurt!
You die...

#.>..................##...
#....####.................
#....## ###....#####.(#...
#.....# #...## #....#.
#....## #§§§# #.#..#.
#....# #.○§# #.#..#.
##....# #☼§§# #.#..#.
#....#######...######.##.#.
#......)○§@.[..............
#....#..§§§.(.:.§§§....<...
#....##.☼§○...(.§.§..####..
#....#######...### #....)..
#?...# .§§# #.#####. #....#
§§§# .... ###### ..# ####.
..# #. #.


There were no monsters in sight!

Vanquished Creatures
  A hound (D:2)
  Terence (D:2)
  Crazy Yiuf (D:2)
  An iguana (D:3)
  Robin (D:3)
  2 adders
  A worm (D:2)
  A dart slug (D:2)
  An orc (D:3)
  5 ball pythons
  6 endoplasms
  A giant cockroach (D:3)
  15 goblins
  6 hobgoblins
  4 kobolds
  2 quokkas
  9 bats
  7 frilled lizards
  7 rats
72 creatures vanquished.

Vanquished Creatures (others)
  A giant cockroach (D:3)
  A fungus (D:1)
  2 plants
4 creatures vanquished.

Grand Total: 76 creatures vanquished

Notes
Turn   | Place    | Note
-------+----------+-------------------------------------------
     0 | D:1      | flotson the Demonspawn Gladiator began the quest for the
                  | Orb.
     0 | D:1      | Reached XP level 1. HP: 16/16 MP: 1/1
   105 | D:1      | Gained mutation: You regenerate a little health from kills.
                  | [demonic ancestry]
   105 | D:1      | Reached XP level 2. HP: 19/22 MP: 2/2
   354 | D:1      | Found a faded altar of an unknown god.
   561 | D:2      | Reached skill level 1 in Armour
   564 | D:2      | Gained mutation: You regenerate health from kills. [demonic
                  | ancestry]
   564 | D:2      | Reached XP level 3. HP: 22/28 MP: 3/3
   587 | D:2      | Noticed Terence
  1044 | D:2      | Found a runed translucent door.
  1045 | D:2      | Noticed Crazy Yiuf
  1255 | D:2      | Killed Terence
  1256 | D:2      | Gained mutation: You regenerate magic rapidly. [demonic
                  | ancestry]
  1256 | D:2      | Reached XP level 4. HP: 34/34 MP: 4/4
  1519 | D:2      | Killed Crazy Yiuf
  1652 | D:2      | Gained mutation: When seriously injured, your blood forms
                  | armour. (AC +6) [demonic ancestry]
  1652 | D:2      | Reached XP level 5. HP: 38/41 MP: 5/5
  1776 | D:3      | Noticed Robin
  1787 | D:3      | Killed Robin
  2230 | D:3      | Engulfed by a cloud of flame

Illustrated notes

Levels and vault maps discovered:
D:1:      lightli_arrival_lavapool, layout_basic,
          dreamdust_ecumenical_altar_hidden_monk_grotto
D:2:      layout_rooms, serial_bayou_pond_b, hex_intersection,
          amcnicky_mini_pool_small, uniq_terence, uniq_crazy_yiuf_cottage
D:3:      layout_basic, lemuel_flame_loot_1, uniq_robin

Skill      XL: |  1  2  3  4  5 |
---------------+----------------+-----
Throwing       | 2 3 |  3.1
Armour         | 1 2 |  2.2
Dodging        | 3 |  3.6
Fighting       | 3 |  3.3
Axes           | |  2.6

Action                   |  1- 3 |  4- 6 || total
-------------------------+-------+-------++-------
Melee: War axe           |   111 |       ||   111
       Quarterstaff      |       |    61 ||    61
Throw: Dart              |     5 |     1 ||     6
       Throwing net      |     1 |       ||     1
 Stab: Sleeping          |     1 |       ||     1
Armor: Leather armour    |    53 |       ||    53
       Scale mail        |       |    40 ||    40
Dodge: Dodged            |    98 |    59 ||   157

Table legend: (Time is in decaauts)
 A = Elapsed time spent in this place.
 B = Non-inter-level travel time spent in this place.
 C = Inter-level travel time spent in this place.
 D = Time resting spent in this place.
 E = Time spent auto-exploring this place.
 F = Levels seen in this place.
 G = Mean time per level.
                   A        B        C        D        E       F      G
               +--------+--------+--------+--------+--------+-----+--------+
         Total |   2293 |   2118 |    175 |    293 |   1182 |   3 |  764.3 |
       Dungeon |   2293 |   2118 |    175 |    293 |   1182 |   3 |  764.3 |
               +--------+--------+--------+--------+--------+-----+--------+

Top non-repeatable levels by time:
     D:1: 853 daAuts
     D:2: 797 daAuts
     D:3: 641 daAuts
